 Dungeon Crawl Stone Soup version 0.29-a0-529-gfa20dd96a1 (webtiles) character file.

Game seed: 9925146006600451142

62 Sobieck the Grave Robber (level 4, -9/22 HPs)
             Began as a Vine Stalker Necromancer on June 1, 2022.
             Mangled by a gnoll
             ... wielding a +4 whip
              (12 damage)
             ... on level 2 of the Dungeon.
             The game lasted 00:04:10 (980 turns).

Sobieck the Grave Robber (Vine Stalker Necromancer)  Turns: 980, Time: 00:04:11

Health: -9/22      AC:  2    Str: 11    XL:     4   Next: 8%
Magic:  0/8        EV: 12    Int: 17    God:
Gold:   58         SH:  0    Dex: 14    Spells: 6/7 levels left

rFire   . . .      SeeInvis .   a - +0 dagger {short}
rCold   . . .      Faith    .   (no shield)
rNeg    . . .      Spirit   +   j - +0 robe
rPois   .          Reflect  .   (no helmet)
rElec   .          Harm     .   (no cloak)
rCorr   .          Rampage  .   (no gloves)
Will    .....                   (no boots)
Stlth   ++........              (no amulet)
HPRegen 0.87/turn               (no ring)
MPRegen 0.11/turn               (no ring)

@: no status effects
A: fangs 2, regeneration 1, magic shield, antimagic bite, no potion heal 2
a: no special abilities


You were on level 2 of the Dungeon.
You visited 1 branch of the dungeon, and saw 2 of its levels.

You collected 58 gold pieces.


Innate Abilities, Weirdness & Mutations

You have extremely sharp teeth.
Your natural rate of healing is unusually fast.
When hurt, damage is shared between your health and your magic reserves.
Your bite disrupts and absorbs the magic of your enemies.
Potions cannot restore your health.


   Skills:
 + Level 1.4 Fighting
 + Level 2.1 Dodging
 + Level 3.3 Stealth
 - Level 2.1 Spellcasting
 + Level 4.4 Necromancy


You had 6 spell levels left.
You knew the following spells:

 Your Spells              Type           Power      Damage    Failure   Level
a - Necrotize             Necr           64%        1d7       3%          1

Your spell library contained the following spells:

 Spells                   Type           Power      Damage    Failure   Level
 Vampiric Draining        Necr           16%        2d7       10%         3
 Animate Dead             Necr           16%        N/A       30%         4
 Agony                    Necr           16%        N/A       65%         5

Inventory:

Hand Weapons
 a - a +0 dagger (weapon) {short}
   (You took it off a kobold on level 1 of the Dungeon)
 d - a +0 club {mace}
   (You found it on level 1 of the Dungeon)
Missiles
 e - 2 silver javelins {throwing}
 i - a stone {throwing}
Armour
 c - a +0 chain mail
   (You found it on level 1 of the Dungeon)
 j - a +0 robe (worn)
 l - a +0 leather armour
   (You found it on level 1 of the Dungeon)
 m - a +0 ring mail
   (You found it on level 1 of the Dungeon)
 o - a +0 ring mail
   (You found it on level 1 of the Dungeon)
 q - a +0 robe
   (You found it on level 1 of the Dungeon)
Magical Staves
 h - a staff of poison {!astaff}
   (You found it on level 1 of the Dungeon)
Scrolls
 g - 2 scrolls of fog {unknown}
 k - a scroll of identify {unknown}
 n - a scroll of noise {unknown}
Potions
 b - a potion of magic
 f - a potion of flight {unknown}
 p - a potion of curing {unknown}

Dungeon Overview and Level Annotations

Branches:
Dungeon (2/15)

Altars:

...#.# ..#.# #
#.#.# #.#...####
...)... #.).#
#.Zg# .####.rg####
#.......@...####.#
#######.>##......#
#####..#####
#..#### #.....#
#...#.# ###.#.#
### ###...#.###.#
#.....#.....#


You could see 2 gnolls, a rat (ally target) and a friendly gnoll skeleton.


Message History

The gnoll writhes in agony!
Casting: Necrotize (safe; 3% risk of failure)
Confirm with . or Enter, or press ? or * to list all spells.
Aiming: Necrotize (safe; 3% risk of failure)
Press: ? - help, Shift-Dir - straight line, f/p - gnoll
Aim: a gnoll, wielding a +0 club (almost dead, ally target, chance to affect: 80%)
The gnoll barely resists.
A gnoll comes into view. It is wielding a +0 whip.
The gnoll throws a throwing net.
The throwing net barely misses you.
Casting: Necrotize (safe; 3% risk of failure)
Confirm with . or Enter, or press ? or * to list all spells.
Aiming: Necrotize (safe; 3% risk of failure)
Press: ? - help, Shift-Dir - straight line, f/p - gnoll
Aim: a gnoll, wielding a +0 club (almost dead, ally target, chance to affect: 80%)
The gnoll writhes in agony.
You kill the gnoll!
The dead are walking!
Unknown command.
A rat comes into view.
Your kobold skeleton barely misses the gnoll.
Unknown command.
You hit the gnoll but do no damage. The gnoll hits you with a +0 club.
The gnoll throws a throwing net.
The throwing net barely misses you.
Your gnoll skeleton hits the gnoll.
Your kobold skeleton closely misses the gnoll.
You hit the gnoll but do no damage. Your bite misses the gnoll.
The gnoll misses you.
Your gnoll skeleton hits the gnoll.
Your kobold skeleton completely misses the gnoll.
Your magical contamination has completely faded away.
Unknown command.
You hit the gnoll. You bite the gnoll. You drain its power.
You feel invigorated. The gnoll closely misses you.
Your gnoll skeleton hits the gnoll.
Your kobold skeleton hits the gnoll.
Casting: Necrotize (safe; 3% risk of failure)
Confirm with . or Enter, or press ? or * to list all spells.
Aiming: Necrotize (safe; 3% risk of failure)
Press: ? - help, Shift-Dir - straight line, f - gnoll
Aim: a gnoll, wielding a +0 club (almost dead, not watching you, ally target, chance to affect: 80%)
The gnoll writhes in agony.
You kill the gnoll!
The dead are walking!
The gnoll closely misses you. The rat bites your gnoll skeleton.
Your gnoll skeleton completely misses the gnoll.
You have reached level 4!
You feel stronger.
You begin to heal more quickly.
You hit the gnoll. You bite the gnoll. You drain its power.
You feel invigorated. The gnoll hits you with a +4 whip.
The rat bites your gnoll skeleton.
Your kobold skeleton barely misses the gnoll.
Unknown command.
You closely miss the gnoll. The gnoll barely misses you.
The gnoll hits you with a +4 whip!
* * * LOW HITPOINT WARNING * * *
Your gnoll skeleton closely misses the rat.
Your gnoll skeleton hits the gnoll.
Your kobold skeleton hits the gnoll.
Unknown command.
The gnoll attacks as you move away! The gnoll hits you with a +0 whip.
* * * LOW HITPOINT WARNING * * *
The gnoll hits your gnoll skeleton with a +4 whip.
Your gnoll skeleton barely misses the rat.
Your gnoll skeleton hits the gnoll.
Unknown command.
The gnoll attacks as you move away! The gnoll hits you with a +0 whip.
* * * LOW HITPOINT WARNING * * *
The rat bites your kobold skeleton.
Your gnoll skeleton hits the gnoll.
Your gnoll skeleton barely misses the rat.
Your kobold skeleton hits the gnoll but does no damage.
You see here a throwing net {=f!fthrowing}.
Unknown command.
Casting: Necrotize (safe; 3% risk of failure)
Confirm with . or Enter, or press ? or * to list all spells.
Aiming: Necrotize (safe; 3% risk of failure)
Press: ? - help, Shift-Dir - straight line, f - gnoll
Aim: a gnoll, wielding a +0 whip (lightly wounded, chance to affect: 80%)
The gnoll writhes in agony!
Unknown command.
Casting: Necrotize (safe; 3% risk of failure)
Confirm with . or Enter, or press ? or * to list all spells.
You don't have enough magic to cast this spell.
You closely miss the gnoll. You bite the gnoll, but do no damage.
The gnoll hits your gnoll skeleton with a +0 whip!
Unknown command.
Unknown command.
You hit the gnoll but do no damage.
The gnoll hits your gnoll skeleton with a +0 whip.
Your gnoll skeleton is destroyed!
The gnoll barely misses you.
Your kobold skeleton hits the gnoll.
Unknown command.
You hit the gnoll. The gnoll hits you with a +4 whip.
* * * LOW HITPOINT WARNING * * *
The gnoll hits your kobold skeleton with a +0 whip.
Your kobold skeleton is destroyed!
The rat misses you.
Your gnoll skeleton hits the gnoll.
Unknown command.
You hit the gnoll. The gnoll barely misses you. The rat closely misses you.
Unknown command.
You hit the gnoll but do no damage. The gnoll hits you with a +4 whip!
Ouch! That really hurt!
You die...

Skill      XL: |  1  2  3 |
---------------+----------+-----
Stealth        | 3 |  3.3
Fighting       | 1 |  1.4
Dodging        | 2 |  2.1
Spellcasting   | |  2.1
Necromancy     | |  4.4

Action                   |  1- 3 |  4- 6 || total
-------------------------+-------+-------++-------
Melee: Club              |     5 |       ||     5
       Bite              |     9 |     2 ||    11
       Dagger            |    19 |     7 ||    26
 Cast: Necrotize         |    40 |     1 ||    41
 Stab: Sleeping          |     1 |       ||     1
Armor: Robe              |     6 |       ||     6
Dodge: Dodged            |    34 |     5 ||    39

Levels and vault maps discovered:
D:1:      evilmike_arrival_plus, layout_rooms
D:2:      layout_basic, palyth_stone_intersect, minivault_11

Notes
Turn   | Place    | Note
-------+----------+-------------------------------------------
     0 | D:1      | Sobieck the Vine Stalker Necromancer began the quest for
                  | the Orb.
     0 | D:1      | Reached XP level 1. HP: 9/9 MP: 4/4
    33 | D:1      | Reached XP level 2. HP: 14/14 MP: 0/6
   181 | D:1      | Reached skill level 3 in Stealth
   311 | D:1      | Reached XP level 3. HP: 17/17 MP: 3/7
   356 | D:1      | Reached skill level 1 in Fighting
   472 | D:1      | Reached skill level 2 in Dodging
   553 | D:1      | You fall into a shaft and drop 1 floor!
   971 | D:2      | Gained mutation: Your natural rate of healing is unusually
                  | fast. [Vine Stalker growth]
   971 | D:2      | Reached XP level 4. HP: 18/22 MP: 2/8
   973 | D:2      | HP: 5/22 [gnoll/+0 whip (4)]
   974 | D:2      | HP: 1/22 [gnoll/+0 whip (5)]
   980 | D:2      | Mangled by a gnoll

Vanquished Creatures
  2 gnolls (D:2)
  A worm (D:2)
  A dart slug (D:2)
  3 endoplasms (D:1)
  3 jackals (D:1)
  3 kobolds
  A quokka (D:1)
  2 ball pythons (D:1)
  4 bats (D:1)
  3 frilled lizards (D:1)
  2 rats
25 creatures vanquished.

Vanquished Creatures (collateral kills)
  A gnoll (D:1)
  An endoplasm (D:1)
  A ball python (D:1)
  A rat (D:1)
4 creatures vanquished.

Grand Total: 29 creatures vanquished

Table legend:
 A = Non-vault XP
 B = Vault XP
 C = Vault XP percentage of total XP
 D = Non-vault monster count
 E = Vault monster count
 F = Vault count percentage of total count
                 A         B        C        D         E       F
            +---------+---------+-------+---------+---------+-------
      Total |      89 |       0 |   0.0 |      29 |       0 |   0.0
            +---------+---------+-------+---------+---------+-------
        D:1 |      49 |       0 |   0.0 |      23 |       0 |   0.0
        D:2 |      40 |       0 |   0.0 |       6 |       0 |   0.0
            +---------+---------+-------+---------+---------+-------

Illustrated notes

Table legend:
 A = Kills in this place as a percentage of kills in entire the game.
 B = Kills by you in this place as a percentage of kills by you in the entire game.
 C = Kills by friends in this place as a percentage of kills by friends in the entire game.
 D = Other kills in this place as a percentage of other kills in the entire game.
 E = Experience gained in this place as a percentage of experience gained in the entire game.
 F = Experience gained in this place divided by the number of levels of this place that you have seen.
                   A       B       C       D       E      F
               +-------+-------+-------+-------+-------+----------------------
         Total | 100.0 | 100.0 | 100.0 |   N/A | 100.0 |  44.5
       Dungeon | 100.0 | 100.0 | 100.0 |   N/A | 100.0 |  44.5
               +-------+-------+-------+-------+-------+----------------------

Table legend: (Time is in decaauts)
 A = Elapsed time spent in this place.
 B = Non-inter-level travel time spent in this place.
 C = Inter-level travel time spent in this place.
 D = Time resting spent in this place.
 E = Time spent auto-exploring this place.
 F = Levels seen in this place.
 G = Mean time per level.
                   A        B        C        D        E       F      G
               +--------+--------+--------+--------+--------+-----+--------+
         Total |    980 |    956 |     24 |    186 |    557 |   2 |  490.0 |
       Dungeon |    980 |    956 |     24 |    186 |    557 |   2 |  490.0 |
               +--------+--------+--------+--------+--------+-----+--------+

Top non-repeatable levels by time:
     D:1: 772 daAuts
     D:2: 208 daAuts
